 Dungeon Crawl Stone Soup version 0.29.1-12-g30fa7ad0bf (webtiles) character file.

Game seed: 322841033668177163

2200 retardedninja the Blocker (level 9, 0/81 HPs)
             Began as a Minotaur Fighter on Jan 17, 2023.
             Killed from afar by an electric eel (11 damage)
             ... with a bolt of electricity
             ... on level 7 of the Dungeon.
             The game lasted 00:09:21 (6647 turns).

retardedninja the Blocker (Minotaur Fighter)        Turns: 6647, Time: 00:09:22

Health: 0/81       AC: 28    Str: 25    XL:     9   Next: 12%
Magic:  8/8        EV:  3    Int:  8    God:
Gold:   220        SH: 10    Dex: 10    Spells: 8/8 levels left

rFire   . . .      SeeInvis .   a - +3 war axe (vamp)
rCold   . . .      Faith    .   r - +0 kite shield
rNeg    . . .      Spirit   .   l - +8 orange crystal plate armour {Archmagi, Int+3 Clar}
rPois   .          Reflect  .   (helmet restricted)
rElec   .          Harm     .   (no cloak)
rCorr   .          Rampage  .   (no gloves)
Will    .....      Archmagi +   z - +0 pair of boots
Stlth   .......... Clarity  +   w - amulet of magic regeneration
HPRegen 0.23/turn               B - ring of ice
MPRegen 0.51/turn               y - ring of fire

@: mighty
A: horns 2, retaliatory headbutt
a: no special abilities


You were on level 7 of the Dungeon.
You visited 1 branch of the dungeon, and saw 7 of its levels.

You collected 328 gold pieces.
You spent 108 gold pieces at shops.

Inventory:

Hand Weapons
 a - a +3 vampiric war axe (weapon)
Armour
 l - the +8 orange crystal plate armour (worn) {Archmagi, Int+3 Clar}
   (You found it on level 2 of the Dungeon)

   Int:       It affects your intelligence (+3).
   Clar:      It protects you against confusion.
 r - a +0 kite shield (worn)
 z - a +0 pair of boots (worn)
Jewellery
 n - an amulet of faith
 w - an amulet of magic regeneration (around neck)
 y - a ring of fire (right hand)
 B - a ring of ice (left hand)
 F - an amulet of the acrobat
Wands
 c - a wand of light (13)
 g - a wand of iceblast (9)
 t - a wand of mindburst (6)
 v - a wand of paralysis (7)
Scrolls
 f - 5 scrolls of magic mapping
 h - 2 scrolls of butterflies {unknown}
 i - 5 scrolls of teleportation
 m - a scroll of identify
Potions
 b - 2 potions of attraction {unknown}
 d - 2 potions of might
 e - 2 potions of flight
 k - 3 potions of curing
 p - a potion of brilliance {unknown}
 s - 2 potions of resistance {unknown}
 u - 2 potions of magic {unknown}
 x - 2 potions of haste {unknown}
 A - a potion of cancellation {unknown}


   Skills:
 + Level 8.1 Fighting
 + Level 7.6 Axes
 + Level 8.1 Armour
 + Level 8.1 Shields


You had 8 spell levels left.
You didn't know any spells.
Your spell library contained the following spells:

 Spells                   Type           Power      Damage    Failure   Level
 Portal Projectile        Hex/Tloc       0%         N/A       100%        3
 Tukima's Dance           Hex            0%         N/A       100%        3
 Blade Hands              Tmut           0%         N/A       100%        5


Dungeon Overview and Level Annotations

Branches:
Dungeon (7/15)
 Temple: D:4-7

Altars:
Cheibriados
Dithmenos
Makhleb
Xom
Yredelemnul
Zin

Shops:
D:6 *[(*[


Innate Abilities, Weirdness & Mutations

You have a pair of horns on your head.
You reflexively headbutt those who attack you in melee.


Message History

You closely miss the electric eel. You slash the phantom!
The electric eel shoots out a bolt of lightning at you!
The bolt of electricity hits you but does no damage.
The bolt of electricity hits you. You block the phantom's attack.
Your unstable footing causes you to fumble your attack.
A kobold comes into view. It is wielding a +0 whip.
The electric eel shoots out a bolt of lightning at you!
The bolt of electricity hits you! x2
* * * LOW HITPOINT WARNING * * *
You block the phantom's attack.
The electric eel shoots out a bolt of lightning at you!
The bolt of electricity hits you.
* * * LOW HITPOINT WARNING * * *
The bolt of electricity hits you!
* * * LOW HITPOINT WARNING * * *
The bolt of electricity hits the electric eel.
The electric eel completely resists.
The phantom barely misses you.
A white imp comes into view.
The kobold shouts!
You feel much better.
You hear a shout!
You block the phantom's attack. The white imp gestures at you.
You block the puff of frost.
The electric eel shoots out a bolt of lightning at you!
The bolt of electricity hits you!
* * * LOW HITPOINT WARNING * * *
The bolt of electricity hits you.
* * * LOW HITPOINT WARNING * * *
Okay, then.
The electric eel shoots out a bolt of lightning at you!
The bolt of electricity hits you but does no damage.
You block the phantom's attack. The white imp gestures at you.
The puff of frost hits you but does no damage.
The electric eel shoots out a bolt of lightning at you!
The bolt of electricity hits you!
* * * LOW HITPOINT WARNING * * *
The bolt of electricity hits you!
You die...

~...P~~~~ ...~~~~P~ ...~~~~~~
...~~~≈~♣♣ ...~~≈≈~P♣
...~P≈≈≈~ ...~~~SW♣##
..~~P~S~@.# #♣...PP~~5~#.# ..
....K~~~~♣#.# #.# ###+...~~~~♣
#.### #.# .......5~~~ #...#
##.#### #.....#♣~~~ ####.#
#....<. .......#~~ ##.##.#
#..#.#.
........#♣##...#.#######......
......†.'...............###..|


You could see a phantom, 2 electric eels, 2 white imps and a kobold.

Vanquished Creatures
  Sigmund (D:5)
  Eustachio (D:5)
  2 water moccasins
  Duvessa (D:5)
  2 ice beasts (D:6)
  An ogre (D:5)
  Blork the orc (D:6)
  3 bullfrogs
  A kobold brigand (D:7)
  2 scorpions
  Dowan (D:5)
  An electric eel (D:7)
  3 howler monkeys
  6 hounds
  A gnoll bouda (D:5)
  An orc priest (D:6)
  4 iguanas
  2 orc wizards
  A mummy (D:6)
  8 adders
  11 gnolls
  An ufetubus (D:5)
  4 worms
  4 dart slugs
  10 orcs
  9 endoplasms
  A giant cockroach (D:1)
  6 goblins
  2 hobgoblins
  2 jackals (D:4)
  5 kobolds
  4 quokkas
  5 ball pythons
  2 bats (D:3)
  3 frilled lizards (D:1)
  7 rats
119 creatures vanquished.

Vanquished Creatures (others)
  4 plants (D:7)
4 creatures vanquished.

Grand Total: 123 creatures vanquished

Notes
Turn   | Place    | Note
-------+----------+-------------------------------------------
     0 | D:1      | retardedninja the Minotaur Fighter began the quest for the
                  | Orb.
     0 | D:1      | Reached XP level 1. HP: 19/19 MP: 0/0
   169 | D:1      | Reached XP level 2. HP: 22/27 MP: 1/1
   807 | D:2      | Found the +8 orange crystal plate armour {Archmagi, Int+3
                  | Clar}
   853 | D:2      | Reached XP level 3. HP: 33/33 MP: 2/2
  1421 | D:2      | Reached XP level 4. HP: 40/40 MP: 3/3
  2280 | D:3      | Found a shimmering altar of Xom.
  2281 | D:3      | Found a shimmering altar of Xom.
  2283 | D:3      | Found a shimmering altar of Xom.
  2284 | D:3      | Found a shimmering altar of Xom.
  2521 | D:4      | Reached XP level 5. HP: 43/47 MP: 4/4
  2943 | D:4      | Reached skill level 5 in Armour
  2944 | D:4      | Reached skill level 5 in Shields
  2948 | D:4      | Reached skill level 5 in Fighting
  3157 | D:5      | Entered Level 5 of the Dungeon
  3218 | D:5      | Reached XP level 6. HP: 54/56 MP: 5/5
  3225 | D:5      | Noticed Duvessa
  3237 | D:5      | Killed Duvessa
  3252 | D:5      | Noticed Dowan
  3264 | D:5      | Killed Dowan
  3579 | D:5      | Noticed Sigmund
  3591 | D:5      | Killed Sigmund
  3592 | D:5      | Reached skill level 5 in Axes
  3592 | D:5      | Reached XP level 7. HP: 54/62 MP: 6/6
  3842 | D:5      | Noticed Eustachio
  3861 | D:5      | Killed Eustachio
  4321 | D:5      | Reached XP level 8. HP: 71/71 MP: 7/7
  5314 | D:6      | Found a burning altar of Makhleb.
  5393 | D:6      | Found Nome's Antique Weapon Boutique.
  5433 | D:6      | Found a shadowy altar of Dithmenos.
  5472 | D:6      | Found a glowing silver altar of Zin.
  5503 | D:6      | Found a basalt altar of Yredelemnul.
  5586 | D:6      | Found Nikucev's Assorted Antiques.
  5603 | D:6      | Found Faociuf's Armour Shop.
  5608 | D:6      | Bought a +0 kite shield for 54 gold pieces
  5608 | D:6      | Bought a +0 pair of boots for 54 gold pieces
  5765 | D:6      | Noticed Blork the orc
  5768 | D:6      | Found Wyuhosuk's Antique Armour Shoppe.
  5771 | D:6      | Killed Blork the orc
  6138 | D:6      | Found Qamuuge's General Store.
  6250 | D:6      | Found a snail-covered altar of Cheibriados.
  6326 | D:7      | Reached XP level 9. HP: 54/81 MP: 8/8
  6647 | D:7      | Killed from afar by an electric eel

Illustrated notes

Levels and vault maps discovered:
D:1:      saegor_arrival_simple_b, layout_basic, minmay_crystal_room
D:2:      layout_loops_ring, kennysheep_generic_room_8
D:3:      layout_basic, xom_redecorated
D:4:      layout_cave_pools
D:5:      layout_basic, ebering_dispersal_statue_hall, grunt_ministairs_15,
          uniq_sigmund, uniq_duvessa, uniq_eustachio
D:6:      layout_basic, pf_just_have_faith, makhleb_heckhound_becter,
          slow_altar_2, mainiacjoe_overflow_catwalk_spiral, serial_shops,
          nicolae_shop_advertising_works [nicolae_subvault_shop_adworks], shop,
          kennysheep_mini_moat, nicolae_shop_behind_doors,
          nicolae_shop_hallway_plus, chequers_avenue, nrook_loot_triangle,
          grunt_ministairs_14, uniq_blork_the_orc
D:7:      layout_loops_corners, minmay_temple_entry_wispy, serial_bayou,
          serial_bayou_shore_a, serial_bayou_ford_a, serial_bayou_lake_a,
          serial_bayou_pond_b, serial_bayou_pond_a,
          minmay_hollow_rounded_squares

Skill      XL: |  1  2  3  4  5  6  7  8  9 |
---------------+----------------------------+-----
Shields        | 4 5 6 8 |  8.1
Armour         | 4 5 6 7 8 |  8.1
Fighting       | 4 5 6 7 8 |  8.1
Axes           | 3 4 5 6 7 |  7.6

Action                   |  1- 3 |  4- 6 |  7- 9 || total
-------------------------+-------+-------+-------++-------
Melee: War axe           |    69 |   138 |   199 ||   406
       Headbutt          |    10 |    18 |    38 ||    66
  Use: Scroll            |       |     5 |    10 ||    15
       Potion            |       |     1 |     4 ||     5
Armor: Scale mail        |    16 |       |       ||    16
       Crystal plate arm |    28 |   135 |   192 ||   355
Dodge: Dodged            |    20 |    19 |    44 ||    83
Block: Buckler           |    20 |    28 |    41 ||    89
       Kite shield       |       |       |    19 ||    19
